 Dungeon Crawl Stone Soup version 0.29.0-4-gdea44cf6ec (webtiles) character file.

Game seed: 1436340656944422309

566 qw the Chopper (level 7, -4/41 HPs)
             Began as a Tengu Warper on Aug 28, 2022.
             Slain by a water moccasin (6 damage)
             ... on level 5 of the Dungeon.
             The game lasted 00:00:30 (4777 turns).

qw the Chopper (Tengu Warper)                       Turns: 4777, Time: 00:00:30

Health: -4/41      AC: 15    Str: 13    XL:     7   Next: 32%
Magic:  11/11      EV:  5    Int: 14    God:
Gold:   252        SH:  0    Dex: 13    Spells: 10/10 levels left

rFire   . . .      SeeInvis .   Y - +1 hand axe
rCold   . . .      Faith    .   (no shield)
rNeg    . . .      Spirit   .   k - +0 plate armour
rPois   .          Reflect  .   (helmet restricted)
rElec   .          Harm     .   (no cloak)
rCorr   .          Rampage  .   (no gloves)
Will    .....                   (boots unavailable)
Stlth   ..........              h - amulet of the acrobat
HPRegen 0.13/turn               n - +4 ring of protection
MPRegen 0.12/turn               (no ring)

@: lethally poisoned (-4 -> -7), about to teleport, marked, flying quickly and
evasively, quick
A: beak, talons 3, nimble flight
a: no special abilities


You were on level 5 of the Dungeon.
You visited 1 branch of the dungeon, and saw 5 of its levels.

You collected 252 gold pieces.


Innate Abilities, Weirdness & Mutations

You have a beak for a mouth.
You have claws for feet.
Your magical nature lets you fly swiftly and evasively.


   Skills:
 - Level 3.0 Fighting
 + Level 7.1 Axes
 - Level 1.0 Throwing
 - Level 4.1 Armour
 - Level 2.1 Dodging
 - Level 2.0 Spellcasting
 - Level 2.4 Translocations


You had 10 spell levels left.
You didn't know any spells.
Your spell library contained the following spells:

 Spells                   Type           Power      Damage    Failure   Level
 Blink                    Tloc           16%        N/A       100%        2
 Gell's Gravitas          Tloc           8%         N/A       100%        3
 Lesser Beckoning         Tloc           8%         N/A       100%        3
 Teleport Other           Tloc           8%         N/A       100%        3
 Manifold Assault         Tloc           8%         N/A       100%        5

Inventory:

Hand Weapons
 a - a +0 morningstar
 Y - a +1 hand axe (weapon)
Missiles
 d - 8 boomerangs (quivered)
Armour
 k - a +0 plate armour (worn)
Jewellery
 h - an amulet of the acrobat (around neck)
 n - a +4 ring of protection (left hand)
Scrolls
 b - 4 scrolls of identify
 c - a scroll of teleportation
Potions
 e - a potion of curing
 f - 2 potions of cancellation
 g - a potion of might

Dungeon Overview and Level Annotations

Branches:
Dungeon (5/15)
 Temple: D:4-7

Altars:
Elyvilon
Kikubaaqudgha
Ru


Message History

The water moccasin is lightly wounded.
The water moccasin bites you.
You miss the water moccasin. Your peck misses the water moccasin.
The water moccasin is lightly wounded.
The water moccasin bites you.
You are poisoned.
The water moccasin poisons you!
The water moccasin bites you but does no damage.
You closely miss the water moccasin. You claw the water moccasin.
Your peck misses the water moccasin.
The water moccasin is moderately wounded.
You feel very sick. The water moccasin barely misses you.
You miss the water moccasin. Your kick misses the water moccasin.
The water moccasin is moderately wounded.
You feel very sick. The water moccasin bites you!
4773 ||| READING 2 scrolls of teleportation.
As you read the scroll of teleportation, it crumbles to dust.
You feel strangely unstable.
You feel sick.
The water moccasin bites you but does no damage. x2
You barely miss the water moccasin.
The water moccasin is moderately wounded.
You feel sick.
The water moccasin bites you but does no damage.
You hit the water moccasin.
You claw the water moccasin, but do no damage.
Your peck misses the water moccasin.
The water moccasin is moderately wounded.
You feel sick.
The water moccasin bites you but does no damage.
You miss the water moccasin. Your kick misses the water moccasin.
The water moccasin is moderately wounded.
You feel sick.
The water moccasin bites you but does no damage.
You hit the water moccasin but do no damage.
The water moccasin is moderately wounded.
You feel sick. The water moccasin bites you.
You die...

+.. ........# #######..
........# .......... ###
#......# .........####~#
#......# .........##~~~#
#>.....# ........#~~###
#......)
........#~~#####......#
##+##'##..~~....#.......
+......@S~~~....+.......
#.....)..~~~..~.#.......
#.........~.~.~.#.......
#+###...~.~~...##.......
#....~~~.~~...#+####
......~~~.~...#
.......~~.~....#
......~.~~......#
##...~.~....#


You could see a water moccasin.

Vanquished Creatures
  Sigmund (D:3)
  A centaur (D:5)
  A hound (D:4)
  An iguana (D:4)
  2 orc wizards
  4 gnolls (D:3)
  7 adders
  2 white imps
  An ufetubus (D:5)
  A dart slug (D:3)
  6 orcs
  7 ball pythons
  8 bats
  4 endoplasms
  8 giant cockroaches
  7 goblins
  7 hobgoblins
  6 jackals (D:4)
  4 quokkas
  2 frilled lizards
  10 kobolds
  2 rats
92 creatures vanquished.

Notes
Turn   | Place    | Note
-------+----------+-------------------------------------------
     0 | D:1      | qw the Tengu Warper began the quest for the Orb.
     0 | D:1      | Reached XP level 1. HP: 12/12 MP: 4/4
     0 | D:1      | 0 ||| qw: Version: 0.1-a-89-g26bdef1
     0 | D:1      | 0 ||| qw: Game counter: 2820
     0 | D:1      | 0 ||| qw: Always use a shield: true
     0 | D:1      | 0 ||| qw: God list: Okawaru
     0 | D:1      | 0 ||| qw: Allow faded altars: false
     0 | D:1      | 0 ||| qw: Do Orc after D:15 true
     0 | D:1      | 0 ||| qw: Do second Lair branch before Depths: true
     0 | D:1      | 0 ||| qw: Lair rune preference: random
     0 | D:1      | 0 ||| qw: Plans: Normal
     0 | D:1      | 0 ||| PLANNING D:1-11
   143 | D:1      | Reached skill level 3 in Axes
   143 | D:1      | Reached XP level 2. HP: 17/17 MP: 6/6
   165 | D:1      | 165 ||| Stepping ~*~*~tactically~*~*~ (stealth).
   167 | D:1      | 167 ||| Stepping ~*~*~tactically~*~*~ (stealth).
   168 | D:1      | 168 ||| Stepping ~*~*~tactically~*~*~ (stealth).
   169 | D:1      | 169 ||| Stepping ~*~*~tactically~*~*~ (stealth).
   179 | D:1      | 179 ||| Stepping ~*~*~tactically~*~*~ (stealth).
  1026 | D:1      | 1026 ||| UPGRADING to +0 ring mail.
  1036 | D:1      | 1036 ||| DROPPING +0 leather armour.
  1037 | D:1      | 1037 ||| UPGRADING to +0 chain mail.
  1047 | D:1      | 1047 ||| DROPPING +0 ring mail.
  1048 | D:1      | 1048 ||| UPGRADING to +4 ring of protection.
  1049 | D:1      | 1049 ||| READING scroll labelled KIPUHE FAGRUW.
  1050 | D:1      | 1050 ||| READING scroll labelled CUUSERR KIMNIE.
  1055 | D:1      | 1055 ||| READING scroll labelled IVOUVE QUCZA.
  1056 | D:1      | 1056 ||| READING scroll labelled OMAPY BOQUTE.
  1057 | D:1      | 1057 ||| READING scroll labelled KAPIYL DOOSOYF.
  1058 | D:1      | 1058 ||| READING scroll labelled ELATEOSYAG.
  1059 | D:1      | 1059 ||| DROPPING scroll of blinking.
  1102 | D:2      | Reached XP level 3. HP: 21/21 MP: 7/7
  1180 | D:2      | 1180 ||| Stepping ~*~*~tactically~*~*~ (stealth).
  1246 | D:2      | 1246 ||| Stepping ~*~*~tactically~*~*~ (stealth).
  1247 | D:2      | 1247 ||| Stepping ~*~*~tactically~*~*~ (stealth).
  1256 | D:2      | Reached skill level 4 in Axes
  1270 | D:2      | Identified the +1 robe of Ihenniggaj {Slay+6}
  1458 | D:2      | Found a faded altar of an unknown god.
  1507 | D:2      | 1507 ||| DROPPING +0 club.
  1566 | D:2      | 1566 ||| Stepping ~*~*~tactically~*~*~ (stealth).
  1576 | D:2      | Reached XP level 4. HP: 26/26 MP: 8/8
  2019 | D:2      | 2019 ||| READING 2 scrolls labelled MOF HEUGRIEZ.
  2020 | D:2      | 2020 ||| READING scroll labelled CIUCKEVEDU.
  2021 | D:2      | 2021 ||| READING scroll labelled ZESCHU ECUSEWUGA.
  2022 | D:2      | 2022 ||| DRINKING 2 ruby potions.
  2023 | D:2      | 2023 ||| READING 3 scrolls of identify.
  2023 | D:2      | 2023 ||| IDENTIFYING blue potion
  2024 | D:2      | 2024 ||| READING 2 scrolls of identify.
  2024 | D:2      | 2024 ||| IDENTIFYING fuming coppery potion
  2025 | D:2      | 2025 ||| DROPPING scroll of vulnerability.
  2026 | D:2      | 2026 ||| DROPPING potion of magic.
  2077 | D:3      | Reached skill level 5 in Axes
  2084 | D:3      | 2084 ||| FLEEEEING.
  2085 | D:3      | 2085 ||| FLEEEEING.
  2086 | D:3      | 2086 ||| FLEEEEING.
  2087 | D:3      | 2087 ||| FLEEEEING.
  2094 | D:3      | 2094 ||| STAIRDANCE
  2219 | D:3      | 2219 ||| Stepping ~*~*~tactically~*~*~ (stealth).
  2220 | D:3      | 2220 ||| DROPPING +0 mace.
  2229 | D:3      | Gained mutation: Your magical nature lets you fly swiftly
                  | and evasively. [Tengu growth]
  2229 | D:3      | Reached XP level 5. HP: 27/30 MP: 9/9
  2319 | D:3      | 2319 ||| Stepping ~*~*~tactically~*~*~ (stealth).
  2334 | D:3      | 2334 ||| Stepping ~*~*~tactically~*~*~ (hiding).
  2345 | D:3      | 2345 ||| DRINKING potion of curing.
  2345 | D:3      | 2345 ||| (to cure confusion)
  2486 | D:3      | 2486 ||| DROPPING +0 flail.
  2546 | D:3      | Reached skill level 6 in Axes
  2564 | D:3      | Noticed Sigmund
  2565 | D:3      | 2565 ||| Stepping ~*~*~tactically~*~*~ (hiding).
  2580 | D:3      | Killed Sigmund
  2581 | D:3      | Reached XP level 6. HP: 22/35 MP: 10/10
  2715 | D:3      | 2715 ||| Stepping ~*~*~tactically~*~*~ (hiding).
  2994 | D:3      | 2994 ||| Stepping ~*~*~tactically~*~*~ (hiding).
  2997 | D:3      | 2997 ||| Stepping ~*~*~tactically~*~*~ (hiding).
  3582 | D:3      | 3582 ||| UPGRADING to amulet of the acrobat.
  3587 | D:3      | 3587 ||| READING 2 scrolls of identify.
  3587 | D:3      | 3587 ||| IDENTIFYING murky ruby potion
  3588 | D:3      | 3588 ||| DROPPING potion of ambrosia.
  3633 | D:4      | 3633 ||| PLANNING SEWER
  3759 | D:4      | 3759 ||| Stepping ~*~*~tactically~*~*~ (stealth).
  3763 | D:4      | 3763 ||| Stepping ~*~*~tactically~*~*~ (hiding).
  4056 | D:4      | 4056 ||| Stepping ~*~*~tactically~*~*~ (stealth).
  4161 | D:4      | Reached XP level 7. HP: 32/40 MP: 11/11
  4253 | D:4      | Found a white marble altar of Elyvilon.
  4253 | D:4      | Found an ancient bone altar of Kikubaaqudgha.
  4457 | D:4      | 4457 ||| RIP SEWER
  4495 | D:4      | 4495 ||| PLANNING D:1-11
  4546 | D:4      | 4546 ||| UPGRADING to +0 plate armour.
  4556 | D:4      | 4556 ||| DROPPING +0 chain mail.
  4557 | D:4      | 4557 ||| READING scroll labelled JANTIWK JAOMI.
  4558 | D:4      | 4558 ||| DRINKING 2 yellow potions.
  4559 | D:4      | 4559 ||| READING 4 scrolls of identify.
  4559 | D:4      | 4559 ||| IDENTIFYING pink potion
  4560 | D:4      | 4560 ||| DROPPING potion of degeneration.
  4584 | D:5      | Entered Level 5 of the Dungeon
  4622 | D:5      | Found a sacrificial altar of Ru.
  4632 | D:5      | 4632 ||| Stepping ~*~*~tactically~*~*~ (hiding).
  4643 | D:5      | Reached skill level 7 in Axes
  4728 | D:5      | 4728 ||| Stepping ~*~*~tactically~*~*~ (hiding).
  4743 | D:5      | Reached skill level 3 in Fighting
  4772 | D:5      | HP: 10/41 [water moccasin (7)]
  4773 | D:5      | 4773 ||| READING 2 scrolls of teleportation.
  4775 | D:5      | HP: 4/41 [poisoned by a water moccasin]
  4777 | D:5      | Slain by a water moccasin

Levels and vault maps discovered:
D:1:      co_arrival_random_square_maze, layout_loops_ring, serial_rivers,
          chequers_serial_rivers_large_a, chequers_serial_rivers_micro_e,
          chequers_serial_rivers_micro_c, chequers_serial_rivers_micro_c,
          chequers_serial_rivers_micro_b, chequers_serial_rivers_micro_e,
          nicolae_kite_square_tiling_tiny
D:2:      layout_basic, shapermc_ecumenical_altar_petra, uniq_crazy_yiuf_cottage
D:3:      layout_basic, lemuel_old_faithful, uniq_sigmund
D:4:      layout_basic, gammafunk_temple_overflow_elements, portal_sewer_entry_e
D:5:      layout_gridville, nicolae_ru_great_annihilating_truth, serial_rivers,
          chequers_serial_rivers_micro_c, chequers_serial_rivers_small_3,
          chequers_serial_rivers_room_b, chequers_serial_rivers_micro_a,
          chequers_serial_rivers_micro_b, ebering_ghost_rock_garden

Skill      XL: |  1  2  3  4  5  6  7 |
---------------+----------------------+-----
Axes           | 3 4 5 6 7 |  7.1
Armour         | 4 |  4.1
Fighting       | 3 |  3.0
Throwing       | |  1.0
Dodging        | |  2.1
Spellcasting   | |  2.0
Translocations | |  2.4

Action                   |  1- 3 |  4- 6 |  7- 9 || total
-------------------------+-------+-------+-------++-------
Melee: Hand axe          |    89 |   135 |    39 ||   263
       Kick              |    10 |    40 |    14 ||    64
       Peck              |     9 |    14 |     4 ||    27
       Punch             |       |     3 |     1 ||     4
Throw: Boomerang         |     7 |    35 |     7 ||    49
  Use: Scroll            |     6 |     6 |     3 ||    15
       Potion            |       |     2 |     1 ||     3
 Stab: Invisible         |       |       |     1 ||     1
       Paralysed         |       |       |     1 ||     1
Armor: Leather armour    |     9 |       |       ||     9
       Chain mail        |    40 |    67 |     1 ||   108
       Plate armour      |       |       |    24 ||    24
Dodge: Dodged            |    32 |    33 |    21 ||    86

Table legend:
 A = Non-vault XP
 B = Vault XP
 C = Vault XP percentage of total XP
 D = Non-vault monster count
 E = Vault monster count
 F = Vault count percentage of total count
                 A         B        C        D         E       F
            +---------+---------+-------+---------+---------+-------
      Total |     537 |     272 |  33.6 |      87 |       5 |   5.4
            +---------+---------+-------+---------+---------+-------
        D:1 |      33 |       0 |   0.0 |      20 |       0 |   0.0
        D:2 |      71 |       0 |   0.0 |      21 |       0 |   0.0
        D:3 |     174 |     231 |  57.0 |      24 |       1 |   4.0
        D:4 |     130 |       0 |   0.0 |      19 |       0 |   0.0
        D:5 |     129 |      41 |  24.1 |       3 |       4 |  57.1
            +---------+---------+-------+---------+---------+-------
